 Dungeon Crawl Stone Soup version 0.31-a0-259-g771a54ca4b (webtiles) character file.

Game seed: 6454338052178885822

191 qw the Shooter (level 5, -1/45 HPs)
             Began as a Minotaur Hexslinger on July 13, 2023.
             Slain by a gnoll
             ... wielding a +0 halberd
              (3 damage)
             ... on level 3 of the Dungeon.
             The game lasted 00:01:11 (2731 turns).

qw the Shooter (Minotaur Hexslinger)                Turns: 2731, Time: 00:01:12

Health: -1/45      AC:  6    Str: 17    XL:     5   Next: 41%
Magic:  5/5        EV: 11    Int:  9    God:
Gold:   112        SH:  0    Dex: 13    Spells: 5/6 levels left

rFire   . . .        Y - +1 sling
rCold   . . .        (no shield)
rNeg    . . .        e - +0 ring mail
rPois   .            (helmet restricted)
rElec   .            (no cloak)
rCorr   .            g - +0 pair of gloves
SInv    .            (no boots)
Will    .....        (no amulet)
Stlth   +            (no ring)
HPRegen 0.27/turn    (no ring)
MPRegen 0.09/turn

%: no passive effects
@: no status effects
A: horns 2, retaliatory headbutt, robust 1, strong 1, MP-powered wands
a: no special abilities


You were on level 3 of the Dungeon.
You visited 1 branch of the dungeon, and saw 3 of its levels.

You collected 112 gold pieces.


Innate Abilities, Weirdness & Mutations

You have a pair of horns on your head.
You reflexively headbutt those who attack you in melee.
You are robust. (+10% HP)
Your muscles are strong. (Str +4, Int/Dex -1)
You expend magic power (3 MP) to strengthen your wands.


   Skills:
 + Level 2.0 Fighting
 - Level 5.0 Ranged Weapons
 - Level 3.4 Armour
 - Level 2.1 Dodging
 - Level 1.0 Spellcasting
 - Level 2.0 Hexes


You had 5 spell levels left.
You knew the following spells:

 Your Spells              Type           Power      Damage    Failure   Level
a - Slow                  Hex            16%        N/A       28%         1

Your spell library contained the following spells:

 Spells                   Type           Power      Damage    Failure   Level
 Inner Flame              Hex/Fire       2%         N/A       78%         3
 Portal Projectile        Hex/Tloc       4%         N/A       78%         3
 Cause Fear               Hex            2%         N/A       96%         4

Inventory:

Hand Weapons
 Y - a +1 sling (weapon)
Armour
 e - a +0 ring mail (worn)
 g - a +0 pair of gloves (worn)
Jewellery
 b - a ring of poison resistance
Scrolls
 c - a scroll of identify {unknown}
Potions
 a - a potion of curing {unknown}
 f - a potion of mutation
 i - a potion of degeneration {unknown}

Dungeon Overview and Level Annotations

Branches:
Dungeon (3/15)

Altars:
Elyvilon
Ru

Shops:
D:2 =

Annotations:
D:3 Sigmund


Message History

The gnoll is heavily wounded.
The gnoll throws a throwing net.
The throwing net barely misses you.
You shoot a sling bullet. The sling bullet hits the gnoll.
The gnoll is lightly wounded.
A gnoll comes into view. It is wielding a +0 halberd.
You shoot a sling bullet.
The sling bullet barely misses the gnoll.
The gnoll splashes around in the water.
You shoot a sling bullet. The sling bullet hits the gnoll.
The gnoll is heavily wounded.
The gnoll completely misses you.
You shoot a sling bullet. The sling bullet hits the gnoll.
The gnoll is heavily wounded.
The gnoll splashes around in the water.
The gnoll hits you with a +0 club.
You shoot a sling bullet.
The sling bullet hits the gnoll but does no damage.
The gnoll is heavily wounded.
A hobgoblin comes into view. It is wielding a +0 dagger.
The gnoll splashes around in the water.
The gnoll barely misses you.
The gnoll hits you from afar with a +0 halberd.
You shoot a sling bullet. The hobgoblin shouts!
The sling bullet hits the gnoll.
The gnoll is almost dead.
The gnoll hits you with a +0 club. The gnoll completely misses you.
You shoot a sling bullet. The sling bullet hits the gnoll.
You kill the gnoll!
The gnoll hits you from afar with a +0 halberd!
Your Ranged Weapons skill increases to level 5!
You shoot a sling bullet.
The sling bullet barely misses the gnoll.
The gnoll splashes around in the water.
You shoot a sling bullet.
The sling bullet barely misses the gnoll.
The gnoll hits you from afar with a +0 halberd! x2
You shoot a sling bullet.
The sling bullet barely misses the gnoll.
The gnoll splashes around in the water.
The gnoll hits you from afar with a +0 halberd.
You die...

#######.......(#
..~~
...........###..
...~
######<...###..
#..~ #....##...
#..~ ##......_.
#...~ ##.#.....
#...g### #.#....#
#..gg))# #.#....#
#....~#@##
###.####.. ....~
#.(# ##.........
.!.~ ##.#
##..#.###..# ~.~
#.####.%##.# #.##
#' #####......)...#
#.#
#..........########
#.# .......#### ###
..#####


You could see 2 gnolls and a hobgoblin.

Vanquished Creatures
  A phantom (D:3)
  5 gnolls (D:3)
  An adder (D:3)
  A dart slug (D:1)
  An orc (D:3)
  3 bats (D:1)
  6 endoplasms
  4 giant cockroaches
  6 goblins
  7 hobgoblins
  4 jackals (D:2)
  3 kobolds (D:1)
  A quokka (D:1)
  3 ball pythons
  5 frilled lizards
  7 rats
58 creatures vanquished.

Notes
Turn   | Place    | Note
-------+----------+-------------------------------------------
     0 | D:1      | qw the Minotaur Hexslinger began the quest for the Orb.
     0 | D:1      | Reached XP level 1. HP: 16/16 MP: 1/1
     0 | D:1      | 0 ||| qw: Version: 0.3-a-52-g30416fa
     0 | D:1      | 0 ||| qw: Game counter: 6867
     0 | D:1      | 0 ||| qw: Melee chars always use a shield: true
     0 | D:1      | 0 ||| qw: God list: Okawaru
     0 | D:1      | 0 ||| qw: Allow faded altars: false
     0 | D:1      | 0 ||| qw: Do Orc after clearing Dungeon:15 true
     0 | D:1      | 0 ||| qw: Do second Lair branch before Depths: true
     0 | D:1      | 0 ||| qw: Lair rune preference: random
     0 | D:1      | 0 ||| qw: Goals: Normal
     0 | D:1      | 0 ||| PLANNING D:1-11
    42 | D:1      | Reached skill level 3 in Ranged Weapons
    42 | D:1      | Reached XP level 2. HP: 23/23 MP: 2/2
   442 | D:1      | Reached XP level 3. HP: 29/29 MP: 3/3
   643 | D:1      | 643 ||| UPGRADING to +0 leather armour.
   653 | D:1      | 653 ||| DROPPING +0 robe.
   654 | D:1      | 654 ||| UPGRADING to +0 pair of gloves.
   659 | D:1      | 659 ||| READING scroll labelled DUKHLAXZ KAHI.
   660 | D:1      | 660 ||| READING scroll labelled QAORIOR OGHI.
   661 | D:1      | 661 ||| DRINKING 2 clear potions.
   661 | D:1      | Gained mutation: You are robust. (+10% HP) [potion of
                  | mutation]
   661 | D:1      | Gained mutation: Your muscles are strong. (Str +4, Int/Dex
                  | -1) [potion of mutation]
   661 | D:1      | Gained mutation: You expend magic power (3 MP) to
                  | strengthen your wands. [potion of mutation]
   667 | D:1      | 667 ||| DROPPING scroll of poison.
   851 | D:2      | Reached skill level 4 in Ranged Weapons
   911 | D:2      | Found Qedojill's Jewellery Shop.
   917 | D:2      | 917 ||| SHOPLISTING +4 ring of slaying (1092 gold, have
                  | 63).
   917 | D:2      | 917 ||| SHOPLISTING amulet of faith (560 gold, have 63).
   917 | D:2      | 917 ||| SHOPLISTING ring of resist corrosion (280 gold,
                  | have 63).
  1128 | D:2      | Found a sacrificial altar of Ru.
  1398 | D:2      | 1398 ||| UPGRADING to +0 ring mail.
  1408 | D:2      | 1408 ||| DROPPING +0 leather armour.
  1409 | D:2      | 1409 ||| READING scroll labelled ISYKKO ENECE.
  1410 | D:2      | 1410 ||| READING 3 scrolls labelled RAPLAI WITSUE.
  1415 | D:2      | 1415 ||| READING scroll labelled UMOLLE JYZYL.
  1436 | D:3      | Noticed Sigmund
  1441 | D:3      | 1441 ||| STAIRDANCE
  1513 | D:3      | 1513 ||| STAIRDANCE
  1580 | D:3      | 1580 ||| STAIRDANCE
  1632 | D:3      | 1632 ||| STAIRDANCE
  1643 | D:3      | 1643 ||| STAIRDANCE
  1711 | D:3      | 1711 ||| STAIRDANCE
  1796 | D:3      | 1796 ||| STAIRDANCE
  1798 | D:3      | 1798 ||| STAIRDANCE
  1800 | D:3      | 1800 ||| STAIRDANCE
  1827 | D:3      | 1827 ||| STAIRDANCE
  1866 | D:3      | 1866 ||| STAIRDANCE
  1923 | D:3      | 1923 ||| STAIRDANCE
  1945 | D:3      | 1945 ||| STAIRDANCE
  1976 | D:3      | 1976 ||| STAIRDANCE
  2033 | D:3      | 2033 ||| STAIRDANCE
  2065 | D:3      | 2065 ||| STAIRDANCE
  2093 | D:3      | 2093 ||| STAIRDANCE
  2141 | D:3      | 2141 ||| STAIRDANCE
  2179 | D:3      | 2179 ||| STAIRDANCE
  2288 | D:3      | Found a white marble altar of Elyvilon.
  2301 | D:3      | Noticed a phantom
  2316 | D:3      | HP: 7/31 [phantom (2)]
  2317 | D:3      | 2317 ||| READING 2 scrolls of teleportation.
  2320 | D:3      | 2320 ||| FLEEEEING.
  2324 | D:3      | 2324 ||| READING scroll of teleportation.
  2325 | D:3      | HP: 6/31 [phantom (1)]
  2334 | D:3      | HP: 7/31 [phantom (2)]
  2339 | D:3      | HP: 5/31 [phantom (3)]
  2340 | D:3      | Killed a phantom
  2341 | D:3      | Reached skill level 3 in Armour
  2341 | D:3      | Reached XP level 4. HP: 7/39 MP: 4/4
  2505 | D:3      | Reached XP level 5. HP: 27/45 MP: 5/5
  2583 | D:3      | Identified the +0 leather armour of the Dungeon {+Blink rN+
                  | Int+4 SInv}
  2602 | D:3      | 2602 ||| FLEEEEING.
  2729 | D:3      | Reached skill level 5 in Ranged Weapons
  2730 | D:3      | HP: 8/45 [gnoll/+0 halberd (14)]
  2730 | D:3      | HP: 1/45 [gnoll/+0 halberd (7)]
  2731 | D:3      | Slain by a gnoll

Levels and vault maps discovered:
D:1:      roderic_crossed_star, layout_loops_cross
D:2:      layout_loops_corners, serial_shops,
          nicolae_shop_pleasant_corner_grove, basic_altar
D:3:      layout_rooms, nicolae_overflow_crystal_walls,
          shapermc_ecumenical_altar_mp_ritualfount, kennysheep_potato,
          uniq_sigmund, uniq_ijyb

Skill      XL: |  1  2  3  4  5 |
---------------+----------------+-----
Ranged Weapons | 3 4 5 |  5.0
Fighting       | 2 |  2.0
Armour         | 3 |  3.4
Dodging        | |  2.1
Spellcasting   | |  1.0
Hexes          | |  2.0

Action                     |  1- 3 |  4- 6 || total
---------------------------+-------+-------++-------
   Fire: Sling             |   206 |    55 ||   261
    Use: Scroll            |     7 |       ||     7
         Potion            |     1 |       ||     1
 Armour: Robe              |     8 |       ||     8
         Ring mail         |    19 |    11 ||    30
         Leather armour    |     6 |       ||     6
  Dodge: Dodged            |    56 |    21 ||    77

Table legend:
 A = Non-vault XP
 B = Vault XP
 C = Vault XP percentage of total XP
 D = Non-vault monster count
 E = Vault monster count
 F = Vault count percentage of total count
                 A         B        C        D         E       F
            +---------+---------+-------+---------+---------+-------
      Total |     271 |       2 |   0.7 |      57 |       1 |   1.7
            +---------+---------+-------+---------+---------+-------
        D:1 |      45 |       0 |   0.0 |      27 |       0 |   0.0
        D:2 |      29 |       0 |   0.0 |      17 |       0 |   0.0
        D:3 |     197 |       2 |   1.0 |      13 |       1 |   7.1
            +---------+---------+-------+---------+---------+-------
